 Dungeon Sprint DCSS version 0.23-a0-79-gaa8cc03 (webtiles) character file.

18797 Kidiri the Eclecticist (level 12, -16/75 HPs)
             Began as a Deep Elf Fire Elementalist on Aug 11, 2018.
             Was the Champion of Vehumet.
             Killed from afar by an ice dragon (52 damage)
             ... with a blast of cold
             ... in the Dungeon (Sprint III: "The Ten Rune Challenge").
             The game lasted 00:22:15 (2948 turns).

Kidiri the Eclecticist (Deep Elf Fire Elementalist) Turns: 2948, Time: 00:22:16

Health: -16/75     AC:  7    Str:  5    XL:     12   Next: 30%
Magic:  25/37      EV: 20    Int: 26    God:    Vehumet [******]
Gold:   76         SH:  0    Dex: 15    Spells: 3/50 levels left

rFire    . . .     SeeInvis .   n - +0 dagger
rCold    . . .     Gourm    .   (no shield)
rNeg     . . .     Faith    .   a - +0 robe
rPois    .         Spirit   .   y - +0 helmet
rElec    .         Reflect  .   (no cloak)
rCorr    .         Harm     .   B - +0 pair of gloves
MR       +....     NoTele   +   (no boots)
Stlth    +.........             (no amulet)
HPRegen  0.62/turn              (no ring)
MPRegen  0.25/turn              (no ring)

@: studying 3 skills, very slow
A: iridescent scales 1, blink, regeneration 1, evolution 1
a: Blink, Renounce Religion


You were in the Dungeon.
You worshipped Vehumet.
Vehumet was exalted by your worship.
You were not hungry.

You visited 1 branch You collected 76 gold pieces.

Inventory:

Hand Weapons
 n - a +0 dagger (weapon)
Missiles
 r - 3 throwing nets (quivered)
Armour
 a - a +0 robe (worn)
 y - a +0 helmet (worn)
 B - a +0 pair of gloves (worn)
Wands
 p - a wand of iceblast (8)
Scrolls
 d - 2 scrolls of immolation
 j - a scroll of identify
 k - 2 scrolls of remove curse
Potions
 e - 2 potions of heal wounds
 f - 3 potions of haste
 g - a potion of magic
 h - 4 potions of berserk rage
 l - a potion of lignification
 m - a potion of mutation
 q - 2 potions of brilliance
 t - a potion of flight
 v - a potion of might
Books
 s - a manual of Throwing
 u - a manual of Transmutations
 w - a manual of Translocations
Comestibles
 b - 2 chunks of flesh
 c - 18 rations


   Skills:
 + Level 8.4 Fighting
 + Level 9.9 Short Blades
 + Level 8.4 Armour
 + Level 12.0 Dodging
 - Level 2.4 Stealth
 * Level 19.5 Spellcasting
 + Level 12.3 Conjurations
 + Level 12.7 Fire Magic
 + Level 9.4 Earth Magic
 + Level 9.9 Poison Magic


You had 3 spell levels left.
You knew the following spells:

 Your Spells              Type           Power        Failure   Level  Hunger
a - Flame Tongue          Conj/Fire      #####        0%          1    None
b - Throw Flame           Conj/Fire      ######       0%          2    None
c - Conjure Flame         Conj/Fire      ######..     1%          3    None
d - Inner Flame           Hex/Fire       ######..     1%          3    None
e - Sticky Flame          Conj/Fire      ######..     1%          4    None
f - Fireball              Conj/Fire      ######....   1%          5    None
g - Bolt of Magma         Conj/Fire/Erth ######....   1%          5    None
h - Bolt of Fire          Conj/Fire      ######....   1%          6    ##.....
i - Stone Arrow           Conj/Erth      ######       1%          3    None
j - Iron Shot             Conj/Erth      ######....   1%          6    ##.....
k - Sting                 Conj/Pois      ####         0%          1    None
l - Sandblast             Erth           ######       1%          1    None
m - Orb of Destruction    Conj           ######....   2%          7    ####...

Your spell library contained the following spells:

 Spells                   Type           Power        Failure   Level  Hunger
 Confuse                  Hex            ####....     5%          3    None
 Confusing Touch          Hex            ####..       1%          1    None
 Metabolic Englaciation   Hex/Ice        ####......   43%         5    None
 Petrify                  Tmut/Erth      #####...     2%          4    None
 Gell's Gravitas          Tloc           ####......   5%          3    None
 Yara's Violent Unravell  Hex/Tmut       ####......   13%         5    None


Dungeon Overview and Level Annotations

Branches:
Dungeon (1/1)

Altars:
Cheibriados
Dithmenos
Elyvilon
Fedhas
Gozag
Hepliaklqana
Kikubaaqudgha
Makhleb
Nemelex Xobeh
Okawaru
Qazlal
Ru
Sif Muna
Trog
Uskayaw
Vehumet
Wu Jian
Xom
Yredelemnul
Zin
The Shining One
Beogh
Jiyva
Lugonu

Shops:
D =?[

Annotations:
D exclusions: 6 doors and 1 more exclusion


Innate Abilities, Weirdness & Mutations

You are partially covered in iridescent scales. (AC +2)
You can translocate small distances at will.
Your natural rate of healing is unusually fast.
You evolve.


Message History

Aiming: Bolt of Fire (safe; 1% risk of failure)
Press: ? - help, Shift-Dir - straight line, f - ice dragon
Aim: an ice dragon (catching its breath)
The bolt of fire hits the ice dragon.
The ice dragon is burned terribly!
The ice dragon is severely wounded.
You are engulfed in freezing vapours.
The ice dragon is engulfed in freezing vapours.
Unknown command.
Casting: Bolt of Fire (safe; 1% risk of failure)
Confirm with . or Enter, or press ? or * to list all spells.
Aiming: Bolt of Fire (safe; 1% risk of failure)
Press: ? - help, Shift-Dir - straight line, f/p - ice dragon
Aim: an ice dragon (freezing vapour, severely wounded)
You hear a sizzling sound!
You are engulfed in freezing vapours.
The ice dragon is engulfed in freezing vapours.
The ice dragon breathes frost at you. The blast of cold hits you!
Ouch! That really hurt!
You die...

#♣.♣ ♣.♣♣
♣♣.♣ ♣.♣♣
♣.♣♣ ♣..♣
♣♣.♣♣ ♣♣[♣
♣.@♣
♣.....§D§§.
♣....§§§§..
♣.♣.≈.§§§§.
♣♣♣♣♣♣♣♣∩§∩
♣♣


You could see an ice dragon.

Vanquished Creatures
  Rupert (D)
  Erolcha (D)
  2 hydras (D)
  3 ice dragons (D)
  4 death yaks (D)
  Urug (D)
  A lindwurm (D)
  A deep elf mage (D)
  2 black mambas (D)
  2 spiny frogs (D)
  A rime drake (D)
  A komodo dragon (D)
  3 wandering mushrooms (D)
  2 tyrant leeches (D)
  A queen bee (D)
  8 blink frogs (D)
  A shadow (D)
  5 redbacks (D)
  A spatial vortex (D)
  2 hydra simulacra (D)
  A swamp drake (D)
  A black mamba simulacrum (D)
  A necrophage (D)
  2 fire dragon simulacra (D)
  5 two-headed ogres (D)
  A water elemental (D)
  A scorpion (D)
  32 killer bees (D)
  An electric eel (D)
  A jelly (D)
  A wizard (D)
  Jessica (D)
  A necromancer (D)
  A kobold demonologist (D)
  3 humans (D)
  An ooze (D)
  2 swamp drake simulacra (D)
  2 rats (D)
  3 plants (D)
104 creatures vanquished.

Vanquished Creatures (others)
  2 draconian scorchers (D)
  A hydra (D)
  6 hellions (D)
  2 yaktaurs (D)
  2 plants (D)
13 creatures vanquished.

Grand Total: 117 creatures vanquished

Notes
Turn   | Place    | Note
-------+----------+-------------------------------------------
     0 | D        | Kidiri the Deep Elf Fire Elementalist began the quest for the Orb.
     0 | D        | Reached XP level 1. HP: 10/10 MP: 6/6
     4 | D        | Reached skill level 4 in Spellcasting
    55 | D        | Noticed Jessica
    57 | D        | Killed Jessica
    57 | D        | Reached skill level 6 in Spellcasting
    57 | D        | Reached XP level 2. HP: 7/15 MP: 4/11
    57 | D        | Reached XP level 3. HP: 8/19 MP: 4/12
    61 | D        | Learned a level 2 spell: Throw Flame
    65 | D        | Learned a level 3 spell: Conjure Flame
    69 | D        | Learned a level 3 spell: Inner Flame
    69 | D        | Killed a yaktaur
   105 | D        | Killed a hellion
   105 | D        | Killed a hellion
   119 | D        | Killed an eight-headed hydra
   131 | D        | Killed a hellion
   163 | D        | Killed a white draconian scorcher
   164 | D        | Killed a white draconian scorcher
   231 | D        | Killed a hellion
   232 | D        | Killed a hellion
   234 | D        | Noticed a scorpion
   245 | D        | Killed a scorpion
   245 | D        | Reached skill level 8 in Spellcasting
   245 | D        | Reached skill level 5 in Fire Magic
   245 | D        | Reached XP level 4. HP: 12/24 MP: 5/16
   247 | D        | Killed a hellion
   266 | D        | Gained mutation: Potions are less effective at restoring your health. [potion of mutation]
   266 | D        | Gained mutation: Your muscles are strong. (Str +2) [potion of mutation]
   267 | D        | Lost mutation: Your muscles are strong. (Str +2) [potion of mutation]
   267 | D        | Lost mutation: Potions are less effective at restoring your health. [potion of mutation]
   267 | D        | Gained mutation: You have sharp fingernails. [potion of mutation]
   267 | D        | Gained mutation: You tend to lose your temper in combat. [potion of mutation]
   267 | D        | Gained mutation: You can translocate small distances at will. [potion of mutation]
   268 | D        | Lost mutation: You tend to lose your temper in combat. [potion of mutation]
   268 | D        | Lost mutation: You have sharp fingernails. [potion of mutation]
   268 | D        | Lost mutation: You can translocate small distances at will. [potion of mutation]
   268 | D        | Gained mutation: Scrolls take you a little longer to read. [potion of mutation]
   268 | D        | Gained mutation: You evolve. [potion of mutation]
   268 | D        | Gained mutation: You have large cloven feet. [potion of mutation]
   268 | D        | Gained mutation: You can translocate small distances at will. [potion of mutation]
   269 | D        | Lost mutation: You have large cloven feet. [potion of mutation]
   269 | D        | Lost mutation: Scrolls take you a little longer to read. [potion of mutation]
   269 | D        | Lost mutation: You evolve. [potion of mutation]
   269 | D        | Gained mutation: Your muscles are strong. (Str +2) [potion of mutation]
   269 | D        | Gained mutation: You do not regenerate when monsters are visible. [potion of mutation]
   269 | D        | Gained mutation: You are partially covered in iridescent scales. (AC +2) [potion of mutation]
   270 | D        | Lost mutation: Your muscles are strong. (Str +2) [potion of mutation]
   270 | D        | Lost mutation: You do not regenerate when monsters are visible. [potion of mutation]
   270 | D        | Gained mutation: Your natural rate of healing is unusually fast. [potion of mutation]
   270 | D        | Gained mutation: You evolve. [potion of mutation]
   327 | D        | Learned a level 4 spell: Sticky Flame
   453 | D        | Noticed a water elemental
   456 | D        | Killed a water elemental
   456 | D        | Reached skill level 10 in Spellcasting
   456 | D        | Reached skill level 5 in Conjurations
   456 | D        | Reached XP level 5. HP: 28/28 MP: 10/19
   464 | D        | Learned a level 5 spell: Fireball
   508 | D        | Found a radiant altar of Vehumet.
   509 | D        | Found a deep blue altar of Sif Muna.
   509 | D        | Found an ancient bone altar of Kikubaaqudgha.
   525 | D        | Became a worshipper of Vehumet
   570 | D        | Found a glowing silver altar of Zin.
   571 | D        | Found a glowing golden altar of the Shining One.
   571 | D        | Found a white marble altar of Elyvilon.
   571 | D        | Noticed a deep elf mage
   574 | D        | Killed a deep elf mage
   574 | D        | Reached skill level 12 in Spellcasting
   574 | D        | Reached XP level 6. HP: 36/36 MP: 6/23
   574 | D        | Reached XP level 7. HP: 40/40 MP: 6/25
   673 | D        | Found a hide-covered altar of Uskayaw.
   673 | D        | Found a roughly hewn altar of Beogh.
   673 | D        | Found an iron altar of Okawaru.
   673 | D        | Found a bloodstained altar of Trog.
   673 | D        | Found an ornate altar of the Wu Jian Council.
   673 | D        | Noticed a human
   673 | D        | Noticed a human
   676 | D        | Killed a human
   676 | D        | Reached skill level 5 in Dodging
   676 | D        | Reached skill level 13 in Spellcasting
   683 | D        | Killed a human
   683 | D        | Reached * piety under Vehumet
   683 | D        | Offered knowledge of Sting by Vehumet.
   705 | D        | Learned a level 1 spell: Sting
   779 | D        | Found a basalt altar of Yredelemnul.
   779 | D        | Found a shadowy altar of Dithmenos.
   779 | D        | Found a sacrificial altar of Ru.
   833 | D        | Noticed a shadow
   837 | D        | Reached ** piety under Vehumet
   837 | D        | Offered knowledge of Sandblast by Vehumet.
   837 | D        | Reached skill level 1 in Poison Magic
   837 | D        | Reached XP level 8. HP: 46/46 MP: 18/27
   890 | D        | Found a blossoming altar of Fedhas.
   890 | D        | Found a stormy altar of Qazlal.
   890 | D        | Found a snail-covered altar of Cheibriados.
   890 | D        | Found a burning altar of Makhleb.
   890 | D        | Found a shimmering altar of Xom.
   891 | D        | Found a hazy altar of Hepliaklqana.
   891 | D        | Found an opulent altar of Gozag.
   891 | D        | Found a sparkling altar of Nemelex Xobeh.
   891 | D        | Found a corrupted altar of Lugonu.
   891 | D        | Found a viscous altar of Jiyva.
   981 | D        | Reached skill level 14 in Spellcasting
   981 | D        | Reached *** piety under Vehumet
   984 | D        | Learned a level 1 spell: Sandblast
  1080 | D        | Noticed a two-headed ogre
  1086 | D        | Killed a two-headed ogre
  1086 | D        | Offered knowledge of Stone Arrow by Vehumet.
  1086 | D        | Reached skill level 5 in Short Blades
  1086 | D        | Reached skill level 1 in Earth Magic
  1096 | D        | Learned a level 3 spell: Stone Arrow
  1138 | D        | Noticed a two-headed ogre
  1138 | D        | Noticed Erolcha
  1147 | D        | Killed a two-headed ogre
  1147 | D        | Killed Erolcha
  1147 | D        | Offered knowledge of Iskenderun's Mystic Blast by Vehumet.
  1147 | D        | Reached skill level 15 in Spellcasting
  1147 | D        | Reached XP level 9. HP: 23/53 MP: 13/30
  1147 | D        | Reached skill level 5 in Fighting
  1147 | D        | Reached skill level 5 in Armour
  1220 | D        | Reached **** piety under Vehumet
  1220 | D        | Reached skill level 10 in Fire Magic
  1231 | D        | Reached skill level 5 in Poison Magic
  1356 | D        | Offered knowledge of Force Lance by Vehumet.
  1356 | D        | Reached ***** piety under Vehumet
  1362 | D        | Noticed a queen bee
  1363 | D        | Reached ****** piety under Vehumet
  1367 | D        | Reached XP level 10. HP: 59/59 MP: 23/31
  1376 | D        | Reached skill level 16 in Spellcasting
  1376 | D        | Reached skill level 10 in Conjurations
  1376 | D        | Reached skill level 5 in Earth Magic
  1541 | D        | Offered knowledge of Irradiate by Vehumet.
  1612 | D        | Noticed a spiny frog
  1612 | D        | Noticed a spiny frog
  1616 | D        | Killed a spiny frog
  1618 | D        | Killed a spiny frog
  1829 | D        | Offered knowledge of Bolt of Magma by Vehumet.
  1836 | D        | Learned a level 5 spell: Bolt of Magma
  1870 | D        | Noticed a lindwurm
  1872 | D        | Reached skill level 17 in Spellcasting
  1873 | D        | Killed a lindwurm
  1926 | D        | Reached skill level 10 in Dodging
  1936 | D        | Noticed Urug
  2050 | D        | Killed Urug
  2050 | D        | Reached XP level 11. HP: 47/66 MP: 23/34
  2180 | D        | Noticed a seven-headed hydra
  2180 | D        | Noticed a seven-headed hydra
  2181 | D        | Offered knowledge of Iron Shot by Vehumet.
  2186 | D        | Killed a seven-headed hydra
  2192 | D        | Killed a seven-headed hydra
  2278 | D        | Learned a level 6 spell: Iron Shot
  2334 | D        | Reached skill level 18 in Spellcasting
  2338 | D        | Offered knowledge of Bolt of Fire by Vehumet.
  2360 | D        | Learned a level 6 spell: Bolt of Fire
  2460 | D        | Noticed Rupert
  2483 | D        | Killed Rupert
  2549 | D        | Noticed a death yak
  2550 | D        | Noticed a death yak
  2551 | D        | Noticed a death yak
  2553 | D        | Killed a death yak
  2554 | D        | Killed a death yak
  2555 | D        | Noticed a death yak
  2556 | D        | Killed a death yak
  2556 | D        | Reached XP level 12. HP: 73/73 MP: 12/36
  2558 | D        | Killed a death yak
  2558 | D        | Reached skill level 19 in Spellcasting
  2558 | D        | Offered knowledge of Orb of Destruction by Vehumet.
  2719 | D        | Learned a level 7 spell: Orb of Destruction
  2725 | D        | Noticed an azure jelly
  2725 | D        | Noticed an azure jelly
  2728 | D        | Noticed an azure jelly
  2728 | D        | Noticed an azure jelly
  2750 | D        | Noticed an ice dragon
  2753 | D        | Killed an ice dragon
  2784 | D        | Noticed an ice dragon
  2787 | D        | Killed an ice dragon
  2787 | D        | Offered knowledge of Spellforged Servitor by Vehumet.
  2814 | D        | Noticed an ice dragon
  2818 | D        | Killed an ice dragon
  2945 | D        | Found Abruj's Jewellery Shoppe.
  2945 | D        | Found Rado Paseh's Magic Scroll Boutique.
  2945 | D        | Found Nekkom's Antique Armour Emporium.
  2945 | D        | Noticed an ice dragon
  2948 | D        | Killed from afar by an ice dragon

Vault maps used:
D:        dungeon_sprint_mu

Skill      XL: |  1  2  3  4  5  6  7  8  9 10 11 12 |
---------------+-------------------------------------+-----
Spellcasting   | 6 8 10 12 13 15 17 18 19 | 19.5
Conjurations   | 3 4 5 7 8 9 10 12 | 12.3
Fire Magic     | 4 5 6 8 9 10 11 12 | 12.7
Fighting       | 2 3 4 5 6 7 8 |  8.4
Short Blades   | 3 4 5 6 8 9 |  9.9
Armour         | 2 3 4 5 6 8 |  8.4
Dodging        | 4 5 7 8 10 11 12 | 12.0
Poison Magic   | 1 4 5 7 9 |  9.9
Earth Magic    | 3 4 6 8 9 |  9.4
Stealth        | |  2.4

Action                   |  1- 3 |  4- 6 |  7- 9 | 10-12 || total
-------------------------+-------+-------+-------+-------++-------
Throw: Throwing net      |       |       |       |     1 ||     1
 Cast: Flame Tongue      |    14 |     8 |    57 |    63 ||   142
       Throw Flame       |       |     2 |       |     3 ||     5
       Sticky Flame      |       |     4 |     3 |    14 ||    21
       Conjure Flame     |       |     1 |    10 |     9 ||    20
       Fireball          |       |     1 |     7 |     4 ||    12
       Inner Flame       |       |       |     8 |     2 ||    10
       Bolt of Magma     |       |       |       |    19 ||    19
       Bolt of Fire      |       |       |       |    25 ||    25
  Use: Potion            |     1 |     5 |       |     3 ||     9
       Scroll            |       |     2 |       |     4 ||     6
  Eat: Chunk             |       |       |     2 |     3 ||     5
       Ration            |       |       |       |     1 ||     1
Armor: Robe              |       |     2 |       |     2 ||     4
Dodge: Dodged            |     2 |     2 |    11 |    20 ||    35

Table legend:
 A = Non-vault XP
 B = Vault XP
 C = Vault XP percentage of total XP
 D = Non-vault monster count
 E = Vault monster count
 F = Vault count percentage of total count
 G = Total turns spent on level
                 A         B        C        D         E       F
            +---------+---------+-------+---------+---------+-------
      Total |       0 |   26854 | 100.0 |       0 |     101 | 100.0
            +---------+---------+-------+---------+---------+-------
          D |       0 |   26854 | 100.0 |       0 |     101 | 100.0
            +---------+---------+-------+---------+---------+-------
